 Dungeon Crawl Stone Soup version 0.31-a0-496-g6f97920a28 (webtiles) character file.

Game seed: 650618836415594602

9 CraigForest the Changeling (level 2, -3/26 HPs)
             Began as a Troll Shapeshifter on Aug 9, 2023.
             Slain by a gnoll
             ... wielding a +0 spear
              (6 damage)
             ... on level 1 of the Dungeon.
             The game lasted 00:01:18 (104 turns).

CraigForest the Changeling (Troll Shapeshifter)      Turns: 104, Time: 00:01:19

Health: -3/26      AC:  4    Str: 22    XL:     2   Next: 6%
Magic:  1/1        EV:  9    Int:  4    God:
Gold:   9          SH:  5    Dex: 10    Spells: 1/1 levels left

rFire   . .          .
                       - Unarmed
rCold   . . .        (no shield)
rNeg    . . .        a - +0 animal skin
rPois   .            (helmet currently unavailable)
rElec   .            (cloak currently unavailable)
rCorr   .            (gloves unavailable)
SInv    .            (boots unavailable)
Will    .....        g - amulet of reflection
Stlth   +            (no ring)
HPRegen 1.04/turn    (no ring)
MPRegen 0.07/turn

%: reflection
@: beast-form
A: beast (slay +2), large, unfitting armour, claws 3, regeneration 1, shaggy fur
1, tough skin 1
a: Begin Untransformation


You were on level 1 of the Dungeon.
You were a hulking beast.
You visited 1 branch of the dungeon, and saw 1 of its levels.

You collected 9 gold pieces.

Inventory:

Hand Weapons
 e - a +2 dagger of flaming
Missiles
 f - 2 javelins
Armour
 a - a +0 animal skin (worn)
Jewellery
 g - an amulet of reflection (around neck)
Talismans
 c - a beast talisman (active)
 d - a flux talisman
Scrolls
 h - a scroll of immolation {unknown}
Potions
 b - a potion of lignification
 i - a potion of ambrosia {unknown}


   Skills:
 + Level 0.7 Fighting
 + Level 1.5 Dodging
 * Level 3.1 Unarmed Combat
 * Level 3.3 Shapeshifting


You had one spell level left.
You didn't know any spells.
Your spell library contained the following spells:

 Spells                   Type           Power      Damage    Failure   Level
 Lesser Beckoning         Tloc           0%         N/A       65%         2
 Gell's Gravitas          Tloc           0%         N/A       86%         3
 Teleport Other           Tloc           0%         N/A       86%         3


Dungeon Overview and Level Annotations

Branches:
Dungeon (1/15)

Altars:


Innate Abilities, Weirdness & Mutations

You are a hulking beast.
Your limbs bulge with bestial killing power. (Slay +2)
You are too large for most types of armour.
You have claws for hands.
Your natural rate of healing is unusually fast.
You are covered in fur. (AC +1)
You have tough skin. (AC +1)


Message History

The frilled lizard hisses angrily.
You scratch the hobgoblin.
You kill the hobgoblin!
Found a scroll labelled EWU ON OQAWO.
The giant cockroach barely misses you.
You claw the giant cockroach!
You kill the giant cockroach!
You have reached level 2!
You scratch the frilled lizard but do no damage.
The frilled lizard bites you.
You miss the frilled lizard.
The gnoll hits you from afar with a +0 spear.
The frilled lizard bites you. The frilled lizard closely misses you.
You claw the frilled lizard!
You kill the frilled lizard!
The frilled lizard barely misses you.
The gnoll hits you from afar with a +0 spear.
You are too injured to fight recklessly!
You are too injured to fight recklessly!
You are too injured to fight recklessly!
You are too injured to fight recklessly!
You are too injured to fight recklessly!
You are too injured to fight recklessly!
You are too injured to fight recklessly!
You are too injured to fight recklessly!
You are too injured to fight recklessly!
You are too injured to fight recklessly!
You are too injured to fight recklessly!
You are too injured to fight recklessly!
You are too injured to fight recklessly!
The frilled lizard bites you but does no damage.
The gnoll hits you with a +0 spear.
You barely miss the gnoll.
The frilled lizard bites you but does no damage.
The gnoll hits you with a +0 spear!
* * * LOW HITPOINT WARNING * * *
You claw the gnoll!
The gnoll is severely wounded.
The frilled lizard bites you but does no damage.
The gnoll hits you with a +0 spear.
You die...

.#.#......†......#.........#
.#.#......#..#...#.........#
#..#......#..#...#.........#
...#......##....#...######.#
...#...............## ...
.......##..#..##...## ..
.#...## ##.....#.#..###
<.#..# ##..#...l....#.
..#..# #..##.h....... #.#
....#.g.....). ..#
#......... ... #.........
#..# .......... .#.#
##......... #.# ?.........
#. .##.....#.


You could see a gnoll and a frilled lizard.

Vanquished Creatures
  A bat (D:1)
  A giant cockroach (D:1)
  2 goblins (D:1)
  A hobgoblin (D:1)
  A quokka (D:1)
  A ball python (D:1)
  A frilled lizard (D:1)
8 creatures vanquished.

Notes
Turn   | Place    | Note
-------+----------+-------------------------------------------
     0 | D:1      | CraigForest the Troll Shapeshifter began the quest for the
                  | Orb.
     0 | D:1      | Reached XP level 1. HP: 18/18 MP: 0/0
    99 | D:1      | Reached XP level 2. HP: 26/26 MP: 1/1
   104 | D:1      | Slain by a gnoll

Illustrated notes

Levels and vault maps discovered:
D:1:      ebering_trefoil_3fold, layout_rooms

Action                     || total
---------------------------++-------
  Melee: Unarmed           ||    15
         Punch             ||     1
 Armour: Animal skin       ||     4
  Dodge: Dodged            ||     5

Table legend: (Time is in decaauts)
 A = Elapsed time spent in this place.
 B = Non-inter-level travel time spent in this place.
 C = Inter-level travel time spent in this place.
 D = Time resting spent in this place.
 E = Time spent auto-exploring this place.
 F = Levels seen in this place.
 G = Mean time per level.
                   A        B        C        D        E       F      G
               +--------+--------+--------+--------+--------+-----+--------+
         Total |    103 |     82 |     21 |      0 |     32 |   1 |  103.0 |
       Dungeon |    103 |     82 |     21 |      0 |     32 |   1 |  103.0 |
               +--------+--------+--------+--------+--------+-----+--------+

Top non-repeatable levels by time:
     D:1: 103 daAuts
